 Dungeon Crawl Stone Soup version 0.25.1-2-g60ff931df9 (webtiles) character file.

Game seed: 2274662512647964916

61 Martska the Chopper (level 3, 33/33 HPs)
             Began as a Minotaur Berserker on Sept 26, 2020.
             Was a Believer of Trog.
             Quit the game on level 2 of the Dungeon.
             The game lasted 00:01:34 (1865 turns).

Martska the Chopper (Minotaur Berserker)            Turns: 1865, Time: 00:01:35

Health: 33/33      AC:  2    Str: 22    XL:     3   Next: 83%
Magic:  2/2        EV: 12    Int:  4    God:    Trog [**....]
Gold:   31         SH:  0    Dex:  9    Spells: 2/2 levels left

rFire    . . .     SeeInvis .   a - +0 hand axe
rCold    . . .     Gourm    .   (no shield)
rNeg     . . .     Faith    .   b - +0 animal skin
rPois    .         Spirit   .   (helmet restricted)
rElec    .         Reflect  .   (no cloak)
rCorr    .         Harm     .   (no gloves)
MR       .....                  (no boots)
Stlth    +.........             (no amulet)
HPRegen  0.11/turn              (no ring)
MPRegen  0.08/turn              (no ring)

@: no status effects
A: retaliatory headbutt, horns 2
a: Berserk, Trog's Hand, Renounce Religion


You were on level 2 of the Dungeon.
You worshipped Trog.
Trog was pleased with you.
You were not hungry.

You visited 1 branch of the dungeon, and saw 2 of its levels.

You collected 31 gold pieces.

Inventory:

Hand Weapons
 a - a +0 hand axe (weapon)
Armour
 b - a +0 animal skin (worn)
Jewellery
 f - an uncursed amulet of guardian spirit {unknown}
Scrolls
 g - a scroll of immolation {unknown}
 h - a scroll of teleportation {unknown}
 i - a scroll of fog {unknown}
Potions
 e - a potion of curing {unknown}
 j - a potion of stabbing {unknown}
 k - a potion of flight {unknown}
 l - a potion of resistance {unknown}
 m - a potion of brilliance {unknown}
Comestibles
 c - 8 rations
 d - 2 chunks of flesh


   Skills:
 * Level 4.2 Fighting
 * Level 4.3 Axes
 * Level 3.3 Armour
 * Level 3.0 Dodging


You had 2 spell levels left.
You didn't know any spells.
Your spell library was empty.

Dungeon Overview and Level Annotations

Branches:
Dungeon (2/15)

Altars:
Makhleb
Nemelex Xobeh


Innate Abilities, Weirdness & Mutations

You reflexively headbutt those who attack you in melee.
You have a pair of horns on your head.


Message History

Found a coppery potion.
You hit the giant cockroach.
The giant cockroach is severely wounded.
The giant cockroach misses you. You furiously retaliate!
You headbutt the giant cockroach.
You kill the giant cockroach!
Trog accepts your kill.
Your Dodging skill increases to level 3!
Found 12 stones.
m - a coppery potion You see here an adder skeleton.
There is a burning altar of Makhleb here.
Things that are here:
a whip; a robe Unknown command.
No target in view!
Unknown command.
Are you sure you want to abandon this character and quit the game? (Confirm with "yes".)
Okay, then.
Are you sure you want to abandon this character and quit the game? (Confirm with "yes".)

#...............#
#####...........#
#...........#
#...........#
#...........#
#...........#
#...........## ..
#........รท...# #.#
##........@._.# ...
...(..........# #.#
####..........## #.#
#..........###### #.#
#...............#
##.######...............#
.......##...............#
##.###.##...............#
#.#
#.##...............####


There were no monsters in sight!

Vanquished Creatures
  2 adders (D:2)
  An ooze (D:2)
  2 leopard geckos (D:1)
  2 giant cockroaches (D:2)
  5 goblins
  5 hobgoblins
  9 bats
  A frilled lizard (D:2)
  3 kobolds (D:1)
  8 rats
38 creatures vanquished.

Notes
Turn   | Place    | Note
-------+----------+-------------------------------------------
     0 | D:1      | Martska the Minotaur Berserker began the quest for the Orb.
     0 | D:1      | Reached XP level 1. HP: 19/19 MP: 0/0
   682 | D:1      | Reached XP level 2. HP: 27/27 MP: 1/1
  1007 | D:1      | Reached ** piety under Trog
  1334 | D:2      | Found a sparkling altar of Nemelex Xobeh.
  1340 | D:2      | Reached XP level 3. HP: 33/33 MP: 2/2
  1658 | D:2      | Found a burning altar of Makhleb.
  1865 | D:2      | Quit the game

Illustrated notes

Levels and vault maps discovered:
D:1:      minmay_arrival_pointy, layout_basic
D:2:      layout_basic, bloody_makhleb, nemelex_xobeh_ov_fountains_minmay,
          grunt_gozag_statues, first_ration

Skill      XL: |  1  2  3 |
---------------+----------+-----
Axes           | 4 |  4.3
Armour         | 3 |  3.3
Fighting       | 4 |  4.2
Dodging        | 3 |  3.0

Action                   || total
-------------------------++-------
Melee: Hand axe          ||    67
       Headbutt          ||     3
  Eat: Chunk             ||     3
Armor: Animal skin       ||    12
Dodge: Dodged            ||    49
